 Dungeon Crawl Stone Soup version 0.22-a0-425-g89d60a11d8 (webtiles) character file.

13008 Kriby the Nimble (level 11, -4/67 HPs)
             Began as a Deep Elf Fighter on May 24, 2018.
             Was a High Priest of Okawaru.
             Slain by a snapping turtle (12 damage)
             ... on level 2 of the Lair of Beasts.
             The game lasted 00:26:39 (17765 turns).

Kriby the Nimble (Deep Elf Fighter)                Turns: 17765, Time: 00:26:40

Health: -4/67      AC: 24    Str: 16    XL:     11   Next: 69%
Magic:  21/21      EV: 11    Int: 14    God:    Okawaru [*****.]
Gold:   382        SH: 12    Dex: 14    Spells: 18/18 levels left

rFire    + . .     SeeInvis .   a - +4 war axe
rCold    + . .     Gourm    .   c - +0 shield
rNeg     . . .     Faith    .   A - +0 plate armour
rPois    .         Spirit   .   (helmet restricted)
rElec    .         Reflect  .   e - scarf {rC+ rF+}
rCorr    .         Harm     .   d - +2 pair of gloves
MR       +....                  o - +0 pair of boots
Stlth    ..........             (no amulet)
HPRegen  0.21/turn              p - +4 ring of protection
MPRegen  0.17/turn              (no ring)

@: heroism
A: horns 1, high mp 1, screaming 1
a: Heroism, Finesse, Renounce Religion


You were on level 2 of the Lair of Beasts.
You worshipped Okawaru.
Okawaru was extremely pleased with you.
You were not hungry.

You visited 3 branches of the dungeon, and saw 14 of its levels.

You collected 637 gold pieces.
You spent 255 gold pieces at shops.

Inventory:

Hand Weapons
 a - a +4 war axe (weapon)
 b - the +7 spear of Honour {pierce, rC+ rN+}
   (You found it on level 7 of the Dungeon)

   It inflicts extra damage upon your enemies.
   It protects you from cold.
   It protects you from negative energy.
Missiles
 y - 12 tomahawks
 z - a throwing net
 B - 12 javelins of penetration (quivered)
Armour
 c - a +0 shield (worn)
 d - a +2 pair of gloves (worn)
 e - a scarf of resistance (worn)
 o - a +0 pair of boots (worn)
 w - a +1 cloak
 x - a +0 chain mail of cold resistance
 A - a +0 plate armour (worn)
 D - a +1 cloak
Jewellery
 p - a +4 ring of protection (left hand)
 E - an uncursed amulet of faith
Wands
 s - a wand of flame (52)
Scrolls
 h - 11 scrolls of identify {@r1}
 i - a scroll of brand weapon {unknown}
 j - 3 scrolls of immolation
 l - a scroll of silence {unknown}
 m - 3 scrolls of amnesia {unknown}
 n - 4 scrolls of remove curse {@r2}
 q - 3 scrolls of enchant armour
 r - 3 scrolls of teleportation {@r3}
 t - 3 scrolls of fear
 G - a scroll of torment {unknown}
 H - a scroll of magic mapping
 I - a scroll of fog {unknown}
Potions
 g - 2 potions of flight
 k - 3 potions of ambrosia
 C - a potion of degeneration
 F - a potion of curing {@q1}
Comestibles
 f - 15 rations {@e1}
 J - 6 chunks of flesh


   Skills:
 * Level 7.3(12.3) Fighting
 * Level 7.1(12.1) Axes
 * Level 7.4(12.4) Armour
 * Level 8.9(13.9) Dodging
 * Level 7.4(12.4) Shields
 + Level 4.2 Spellcasting
 + Level 4.5 Invocations


You had 18 spell levels left.
You didn't know any spells.
Your spell library contained the following spells:

 Spells                   Type           Power        Failure   Level  Hunger
 Cause Fear               Hex            #.........   100%        4    ####...
 Apportation              Tloc           #.....       100%        1    None
 Slow                     Hex            #.......     100%        2    ##.....
 Confuse                  Hex            #.......     100%        3    ###....
 Summon Small Mammal      Summ           #...         100%        1    None
 Animate Skeleton         Necr           N/A          100%        1    None
 Confusing Touch          Hex            #.....       100%        1    None
 Metabolic Englaciation   Hex/Ice        #.........   100%        5    ######.
 Corona                   Hex            #......      100%        1    None
 Portal Projectile        Hex/Tloc       #.....       100%        3    ###....
 Petrify                  Tmut/Erth      #.......     100%        4    ####...
 Leda's Liquefaction      Hex/Erth       #.........   100%        4    ####...
 Inner Flame              Hex/Fire       #.......     100%        3    ###....
 Gell's Gravitas          Tloc           #.........   100%        3    ###....
 Yara's Violent Unravell  Hex/Tmut       #.........   100%        5    ######.


Dungeon Overview and Level Annotations

Branches:
Dungeon (11/15)            Temple (1/1) D:5            Lair (2/6) D:9
 Shoals (0/4) Lair:2
  Snake: Lair:2-4    Spider: Lair:2-4       Orc: D:9-12

Altars:
Ashenzari
Cheibriados
Dithmenos
Elyvilon
Fedhas
Gozag
Hepliaklqana
Kikubaaqudgha
Makhleb
Nemelex Xobeh
Okawaru
Qazlal
Ru
Sif Muna
Trog
Uskayaw
Vehumet
Wu Jian
Xom
Yredelemnul
Zin
The Shining One

Shops:
D:9 [

Annotations:
D:4 1 runed door
D:10 exclusions: 2 ice devils, ice statue and 6 more exclusions


Innate Abilities, Weirdness & Mutations

You have a pair of small horns on your head.
You have an increased reservoir of magic. (+10% MP)
You occasionally shout uncontrollably at your foes.


Message History

* * * LOW HITPOINT WARNING * * *
Evoke which item? (* to show all) (? for menu, Esc to quit)
Aiming: Throw Flame
Press: ? - help, Shift-Dir - straight line, f/p - snapping turtle
Aim: a snapping turtle (steam, water, severely wounded)
The puff of flame hits the snapping turtle.
The snapping turtle appears unharmed.
The snapping turtle is severely wounded.
The snapping turtle bites you from afar!
* * * LOW HITPOINT WARNING * * *
Evoke which item? (* to show all) (? for menu, Esc to quit)
Aiming: Throw Flame
Press: ? - help, Shift-Dir - straight line, f/p - snapping turtle
Aim: a snapping turtle (water, severely wounded)
The puff of flame hits the snapping turtle.
The snapping turtle appears unharmed.
The snapping turtle is severely wounded.
The snapping turtle is engulfed in a cloud of scalding steam.
The snapping turtle bites you from afar!
You die...

≈≈≈≈..................
#####≈≈≈..P#.#.#....P##.#
##...##≈≈.............#..# #≈≈
#.....#≈≈P...........##...
>..≈≈#..>..'..............#P...
...#≈≈#..%..#≈≈............##...
#...≈≈##...##t§............#####
#.##≈≈≈#####≈≈§........#...#P.##
#..##≈≈≈≈≈≈≈≈≈.@..#.#..#........
#.P.#.≈≈≈≈≈≈≈...................
#...............................
#...............................
#.............................##
#............(..............P##
##..#..####..................####
#......##.###.....PP#...###..###.
#..........##.....####+..##...#..


You could see a snapping turtle.

Vanquished Creatures
  A two-headed ogre (D:9)
  2 spiny frogs
  Maurice (D:9)
  2 komodo dragons (Lair:1)
  2 polar bears (Lair:2)
  A troll (D:9)
  A hornet (D:9)
  Grinder (D:3)
  3 hippogriffs
  A wraith (D:9)
  15 yaks
  2 wargs (D:9)
  3 water moccasins
  Duvessa (D:5)
  5 porcupines
  4 ice beasts
  A sky beast (D:7)
  2 orc warriors
  2 black bears
  5 wolves (D:9)
  5 ogres
  4 centaurs
  4 crocodiles
  2 big kobolds
  The ghost of NeAGen181 the Digger, an amateur GrEE (D:3)
  11 bullfrogs
  A gnoll sergeant (D:9)
  Dowan (D:5)
  3 scorpions
  3 killer bees (D:9)
  3 wights (D:7)
  An electric eel (Lair:2)
  7 howler monkeys
  6 crimson imps
  A bullfrog zombie (D:9)
  A hound (D:4)
  A quasit (D:10)
  6 orc priests
  6 jellies
  10 orc wizards
  A bullfrog skeleton (D:7)
  3 centaur skeletons
  An iguana (D:6)
  7 worker ants
  3 hound skeletons
  3 worker ant zombies
  7 gnolls
  A howler monkey skeleton (D:4)
  13 adders
  A shadow imp (D:7)
  5 oozes (D:8)
  An adder skeleton (D:9)
  3 worms
  4 dart slugs
  3 leopard geckos
  32 orcs
  2 giant cockroaches (D:3)
  9 goblins
  10 hobgoblins
  12 jackals
  3 quokkas
  4 ball pythons
  13 bats
  A frilled lizard (D:1)
  21 kobolds
  A leopard gecko skeleton (D:6)
  A quokka skeleton (D:7)
  A quokka zombie (D:5)
  13 rats
311 creatures vanquished.

Notes
Turn   | Place    | Note
-------+----------+-------------------------------------------
     0 | D:1      | Kriby the Deep Elf Fighter began the quest for the Orb.
     0 | D:1      | Reached XP level 1. HP: 13/13 MP: 3/3
   367 | D:1      | Reached XP level 2. HP: 15/18 MP: 4/4
   446 | D:1      | Reached skill level 1 in Dodging
  1036 | D:1      | Reached XP level 3. HP: 22/22 MP: 6/6
  1113 | D:2      | Reached skill level 1 in Spellcasting
  1688 | D:2      | Reached XP level 4. HP: 13/27 MP: 8/8
  2987 | D:3      | Reached XP level 5. HP: 22/32 MP: 9/9
  3186 | D:3      | Noticed NeAGen181's ghost (amateur GrEE)
  3199 | D:3      | Killed NeAGen181's ghost
  3199 | D:3      | Reached skill level 2 in Dodging
  3377 | D:3      | Found a sacrificial altar of Ru.
  3629 | D:3      | Noticed Grinder
  3629 | D:3      | Paralysed by Grinder for 5 turns
  3637 | D:3      | Paralysed by Grinder for 7 turns
  3649 | D:3      | HP: 1/32 [Grinder/nerve-wracking pain (11)]
  3656 | D:3      | Killed Grinder
  3656 | D:3      | Reached skill level 3 in Dodging
  3656 | D:3      | Reached XP level 6. HP: 17/37 MP: 11/11
  4270 | D:4      | Found a runed door.
  4518 | D:4      | Reached XP level 7. HP: 40/41 MP: 13/13
  5051 | D:5      | Entered Level 5 of the Dungeon
  5436 | D:5      | Found a radiant altar of Vehumet.
  5605 | D:4      | Reached skill level 4 in Dodging
  6267 | D:5      | Found a shattered altar of Ashenzari.
  6495 | D:5      | Reached XP level 8. HP: 40/48 MP: 14/14
  6591 | D:5      | Noticed Duvessa
  6591 | D:5      | Noticed Dowan
  6607 | D:5      | Killed Duvessa
  6618 | D:5      | Killed Dowan
  6816 | D:5      | Found a staircase to the Ecumenical Temple.
  6991 | Temple   | Entered the Ecumenical Temple
  7203 | Temple   | Became a worshipper of Warmaster Okawaru
  7308 | D:5      | Found a blossoming altar of Fedhas.
  7441 | D:6      | Reached skill level 5 in Dodging
  8045 | D:6      | Found a sparkling altar of Nemelex Xobeh.
  8151 | D:6      | Found a bloodstained altar of Trog.
  8293 | D:6      | Reached * piety under Okawaru
  8293 | D:6      | Reached XP level 9. HP: 14/53 MP: 15/15
  8556 | D:6      | Found a stormy altar of Qazlal.
  8566 | D:6      | Reached skill level 5 in Shields
  8892 | D:7      | Reached skill level 5 in Armour
  8992 | D:7      | Reached skill level 5 in Fighting
  8992 | D:7      | Reached skill level 6 in Dodging
  9459 | D:7      | Got an ancient spear
  9460 | D:7      | Identified the +7 spear of Honour {pierce, rC+ rN+} (You found it on level 7 of the Dungeon)
  9531 | D:7      | Reached skill level 5 in Axes
  9531 | D:7      | Reached skill level 1 in Invocations
 10119 | D:8      | Reached ** piety under Okawaru
 10442 | D:8      | Found a hide-covered altar of Uskayaw.
 10449 | D:8      | Found a glowing golden altar of the Shining One.
 10617 | D:8      | Reached skill level 7 in Dodging
 11211 | D:9      | Found an opulent altar of Gozag.
 11225 | D:9      | Noticed Maurice
 11225 | D:9      | Paralysed by Maurice for 2 turns
 11233 | D:9      | Paralysed by a hornet for 3 turns
 11246 | D:9      | Gained mutation: You occasionally shout uncontrollably at your foes. [potion of mutation]
 11246 | D:9      | Gained mutation: You have a pair of small horns on your head. [potion of mutation]
 11246 | D:9      | Gained mutation: You have an increased reservoir of magic. (+10% MP) [potion of mutation]
 11260 | D:9      | Paralysed by something for 3 turns
 11428 | D:9      | Reached XP level 10. HP: 32/60 MP: 17/17
 11888 | D:9      | Found Taly's Antique Armour Shop.
 12065 | D:9      | Bought an embroidered cloak for 255 gold pieces
 12211 | D:9      | Noticed a two-headed ogre
 12655 | D:9      | Found a staircase to the Lair.
 12656 | D:9      | Paralysed by Maurice for 2 turns
 12711 | D:9      | Killed Maurice
 12784 | D:9      | Reached *** piety under Okawaru
 12888 | D:9      | Killed a two-headed ogre
 13367 | D:10     | Entered Level 10 of the Dungeon
 13432 | D:10     | Reached **** piety under Okawaru
 13871 | D:10     | Noticed an ice statue
 14716 | Lair:1   | Entered Level 1 of the Lair of Beasts
 14921 | D:9      | Reached skill level 8 in Dodging
 14930 | D:9      | Reached XP level 11. HP: 65/66 MP: 19/19
 15525 | Lair:1   | Reached ***** piety under Okawaru
 17725 | Lair:2   | Found a staircase to the Shoals.
 17765 | Lair:2   | Slain by a snapping turtle

Vault maps used:
D:1:      dpeg_arrival_erosion
D:2:      kennysheep_another_room, minmay_octomino_e4
D:3:      nicolae_ru_the_path_less_chosen, uniq_grinder
D:4:      mrwooster_statue_mirror, uniq_crazy_yiuf_cottage
D:5:      nicolae_overflow_crystal_walls, fedhas_altar_4, temple_hall,
          first_ration, basic_altar, uniq_duvessa
D:6:      old_standard_altar, nemelex_xobeh_ov_fountains_minmay,
          nicolae_qazlal_general_emergency
D:7:      kennysheep_generic_room_10
D:8:      amethyst_overflow_temple_binary, hangedman_little_slice_of_home
D:9:      erik_lair_orcish_takeover, basic_altar, serial_shops, shop,
          uniq_maurice
D:10:     cheibrodos_frozen_isle
D:11:     makhleb_altar_promises_db
Temple:   regret_index_temple_generic_petals
Lair:1:   nicolae_volcano_entry_two_sided
Lair:2:   minmay_shoals_entry_hut, st_stairs_12, minmay_stone_trees_medium,
          small_statue_intersection, beast_lair_carwin_7,
          infiniplex_staircase_pool_2

Skill      XL: |  1  2  3  4  5  6  7  8  9 10 11 |
---------------+----------------------------------+-----
Dodging        | 1 3 4 5 7 8 |  8.9
Spellcasting   | 1 2 3 4 |  4.2
Axes           | 2 3 4 5 6 7 |  7.1
Armour         | 3 4 5 6 7 |  7.4
Shields        | 3 4 5 6 7 |  7.4
Fighting       | 3 4 5 6 7 |  7.3
Invocations    | 2 3 4 |  4.5

Action                   |  1- 3 |  4- 6 |  7- 9 | 10-12 || total
-------------------------+-------+-------+-------+-------++-------
Melee: War axe           |   188 |   133 |   590 |   572 ||  1483
       Headbutt          |       |       |     1 |   114 ||   115
Throw: Javelin           |       |       |       |     6 ||     6
       Tomahawk          |       |       |       |     4 ||     4
       Throwing net      |       |       |       |     2 ||     2
Invok: Heroism           |       |       |     3 |    10 ||    13
Evoke: Wand              |       |    10 |    25 |    12 ||    47
  Use: Potion            |     2 |     3 |    10 |     4 ||    19
       Scroll            |       |       |     2 |     9 ||    11
 Stab: Held in net/web   |       |       |       |     1 ||     1
  Eat: Chunk             |     3 |     6 |    11 |    16 ||    36
       Ration            |       |     1 |     3 |     2 ||     6
Armor: Scale mail        |    97 |    56 |     1 |       ||   154
       Chain mail        |       |     7 |   368 |       ||   375
       Plate armour      |       |       |    35 |   403 ||   438
       Skin              |       |       |    11 |       ||    11
Dodge: Dodged            |    72 |    46 |   204 |   157 ||   479
Block: Shield            |   131 |    69 |   352 |   369 ||   921

Table legend:
 A = Spawn XP
 B = Non-spawn XP
 C = Spawn XP percentage of total XP
 D = Spawn monster count
 E = Non-spawn monster count
 F = Spawn count percentage of total count
 G = Total turns spent on level
                    A         B        C        D         E        F      G
               +---------+---------+-------+---------+---------+-------+---------
         Total |       0 |   18583 |   0.0 |       0 |     311 |   0.0 | 17765
               +---------+---------+-------+---------+---------+-------+---------
           D:1 |       0 |      43 |   0.0 |       0 |      27 |   0.0 |  1059
           D:2 |       0 |      74 |   0.0 |       0 |      27 |   0.0 |  1431
           D:3 |       0 |     484 |   0.0 |       0 |      26 |   0.0 |  1434
           D:4 |       0 |     491 |   0.0 |       0 |      25 |   0.0 |  1724
           D:5 |       0 |    1005 |   0.0 |       0 |      29 |   0.0 |  1956
           D:6 |       0 |     785 |   0.0 |       0 |      18 |   0.0 |   992
           D:7 |       0 |    1423 |   0.0 |       0 |      21 |   0.0 |  1216
           D:8 |       0 |     829 |   0.0 |       0 |      23 |   0.0 |  1183
           D:9 |       0 |    6746 |   0.0 |       0 |      66 |   0.0 |  2869
          D:10 |       0 |    1184 |   0.0 |       0 |      20 |   0.0 |  1046
        Lair:1 |       0 |    3033 |   0.0 |       0 |      17 |   0.0 |  2104
        Lair:2 |       0 |    2486 |   0.0 |       0 |      12 |   0.0 |   504
               +---------+---------+-------+---------+---------+-------+---------
